 Dungeon Sprint DCSS version 0.31-a0-345-g1ebeae05c6 (webtiles) character file.

Game seed: 14972804895152257182

112 rocky1 the Ruffian (level 4, -2/49 HPs)
             Began as a Troll Shapeshifter on July 23, 2023.
             Slain by a sixfirhy (7 damage)
             ... summoned by a kobold demonologist
             ... in the Dungeon (Sprint III: "The Ten Rune Challenge").
             The game lasted 00:02:26 (477 turns).

rocky1 the Ruffian (Troll Shapeshifter)              Turns: 477, Time: 00:02:27

Health: -2/49      AC:  8    Str: 23    XL:     4   Next: 64%
Magic:  3/3        EV:  9    Int:  6    God:
Gold:   22         SH:  0    Dex:  8    Spells: 3/3 levels left

rFire   . .          .
                       - Unarmed
rCold   . . .        (no shield)
rNeg    . . .        a - +0 animal skin
rPois   .            (helmet currently unavailable)
rElec   .            (cloak currently unavailable)
rCorr   .            (gloves unavailable)
SInv    .            (boots unavailable)
Will    .....        (no amulet)
Stlth   +            (no ring)
HPRegen 1.08/turn    (no ring)
MPRegen 0.08/turn

%: no teleportation
@: beast-form
A: beast (slay +4), large, unfitting armour, claws 3, regeneration 1, shaggy fur
1, tough skin 1, iridescent scales 2, clumsy 1, robust 1
a: Begin Untransformation


You were in the Dungeon.
You were a hulking beast.
You visited 1 branch You collected 22 gold pieces.

Inventory:

Armour
 a - a +0 animal skin (worn)
Talismans
 c - a beast talisman
Scrolls
 i - a scroll of blinking
 j - a scroll of poison {unknown}
 k - a scroll of enchant weapon {unknown}
 m - a scroll of immolation {unknown}
 n - a scroll of identify {unknown}
Potions
 b - a potion of lignification
 d - a potion of curing
 e - a potion of heal wounds
 f - 2 potions of haste
 g - 2 potions of magic
 l - a potion of degeneration {unknown}
 o - a potion of brilliance {unknown}
 p - a potion of attraction {unknown}
 q - 3 potions of mutation


   Skills:
 + Level 3.3 Fighting
 - Level 1.5 Dodging
 * Level 6.5 Unarmed Combat
 * Level 5.7 Shapeshifting


You had 3 spell levels left.
You didn't know any spells.
Your spell library was empty.

Dungeon Overview and Level Annotations

Branches:
Dungeon (1/1)

Altars:
Kikubaaqudgha
Sif Muna
Uskayaw
Vehumet


Innate Abilities, Weirdness & Mutations

You are a hulking beast.
Your limbs bulge with bestial killing power. (Slay +4)
You are too large for most types of armour.
You have claws for hands.
Your natural rate of healing is unusually fast.
You are covered in fur. (AC +1)
You have tough skin. (AC +1)
You are mostly covered in iridescent scales. (AC +4)
You are clumsy. (Dex -2)
You are robust. (+10% HP)


Message History

The sixfirhy is lightly wounded.
You hear a shout!
The shadow imp closely misses you.
You claw the sixfirhy!
The sixfirhy is heavily wounded.
The shadow imp barely misses you.
The kobold demonologist looks encouraged for a moment.
You claw the sixfirhy!
The sixfirhy is severely wounded.
The sixfirhy hits you but does no damage. x2
The shadow imp closely misses you.
You closely miss the sixfirhy.
The sixfirhy is severely wounded.
The sixfirhy barely misses you.
The sixfirhy hits you but does no damage. x2
A human opens the door.
The sixfirhy closely misses you.
A human comes into view. It is wielding a +0 hand axe.
The shadow imp hits you but does no damage.
Found a hide-covered altar of Uskayaw and a roughly hewn altar of Beogh.
You closely miss the sixfirhy.
The sixfirhy is severely wounded.
The human shouts!
The sixfirhy hits you but does no damage.
The sixfirhy hits you!
* * * LOW HITPOINT WARNING * * *
The sixfirhy shocks you!
* * * LOW HITPOINT WARNING * * *
The kobold demonologist looks satisfied for a moment.
You closely miss the sixfirhy.
The sixfirhy is severely wounded.
The shadow imp hits you but does no damage.
The human rages.
Unknown command.
You miss the sixfirhy.
The sixfirhy is heavily wounded.
The shadow imp closely misses you.
You miss the sixfirhy.
The sixfirhy is heavily wounded.
The sixfirhy hits you!
You die...

.#......#####..#
##.......#..#..# __
.##.##...#..#..###+#'###
.##.###..##'#..#....p...
####.##..###...'.⌠......
##..##.†####...#.p.#####
....##..###....#.⌠.#
#..##...##.....#...#
..##....#......#h###
.###..##.#.....#35:# .#
#.. ####....#K__# ▓▓ ▓▓▓
▓▓▓▓▓▓▓▓▓▓


You could see a kobold demonologist, a sixfirhy (summoned), 2 humans and a
shadow imp (summoned).

Vanquished Creatures
  A water elemental (D)
  A wizard (D)
  A human (D)
  A phantom (D)
  An endoplasm (D)
  3 rats (D)
8 creatures vanquished.

Notes
Turn   | Place    | Note
-------+----------+-------------------------------------------
     0 | D        | rocky1 the Troll Shapeshifter began the quest for the Orb.
     0 | D        | Reached XP level 1. HP: 18/18 MP: 0/0
    10 | D        | Reached skill level 1 in Fighting
    55 | D        | Reached skill level 4 in Unarmed Combat
    55 | D        | Reached XP level 2. HP: 7/28 MP: 1/1
   200 | D        | Gained mutation: You are partially covered in iridescent
                  | scales. (AC +2) [potion of mutation]
   200 | D        | Gained mutation: You are robust. (+10% HP) [potion of
                  | mutation]
   200 | D        | Gained mutation: You are clumsy. (Dex -2) [potion of
                  | mutation]
   200 | D        | Gained mutation: You are mostly covered in iridescent
                  | scales. (AC +4) [potion of mutation]
   306 | D        | Noticed a water elemental
   309 | D        | Killed a water elemental
   310 | D        | Reached skill level 6 in Unarmed Combat
   310 | D        | Reached skill level 5 in Shapeshifting
   310 | D        | Reached XP level 3. HP: 40/40 MP: 2/2
   310 | D        | Reached XP level 4. HP: 49/49 MP: 3/3
   462 | D        | Found a radiant altar of Vehumet.
   462 | D        | Found a shimmering blue altar of Sif Muna.
   462 | D        | Found an ancient bone altar of Kikubaaqudgha.
   462 | D        | Noticed a wizard
   463 | D        | Killed a wizard
   467 | D        | Noticed a sixfirhy
   473 | D        | Found a hide-covered altar of Uskayaw.
   473 | D        | Noticed a human
   474 | D        | Noticed a human
   477 | D        | Slain by a sixfirhy

Illustrated notes

Levels and vault maps discovered:
D:        dungeon_sprint_mu [sprint_mu_entry_cave, sprint_mu_temple_rooms,
          sprint_mu_d1_horrors, sprint_mu_d2_genie, sprint_mu_d3_branching,
          sprint_mu_orc_legion, sprint_mu_elf_gauntlet, sprint_mu_hive_nellie,
          sprint_mu_lair_fedhas, sprint_mu_vaults_butterflies,
          sprint_mu_slime_circle, sprint_mu_swamp_cave, sprint_mu_shoals_kraken,
          sprint_mu_blade_basic, sprint_mu_crypt_lich, sprint_mu_tomb_spiral,
          sprint_mu_vestibule_basic, sprint_mu_gehenna_hellfire,
          sprint_mu_dis_giant, sprint_mu_tartarus_statrot,
          sprint_mu_cocytus_islands, sprint_mu_zot1]

Skill      XL: |  1  2 |
---------------+-------+-----
Fighting       | 2 3 |  3.3
Unarmed Combat | 4 6 |  6.5
Shapeshifting  | 4 5 |  5.7
Dodging        | |  1.5

Action                     |  1- 3 |  4- 6 || total
---------------------------+-------+-------++-------
  Melee: Unarmed           |    18 |    14 ||    32
         Punch             |     1 |     1 ||     2
    Use: Potion            |     2 |       ||     2
 Armour: Animal skin       |     2 |    11 ||    13
  Dodge: Dodged            |     5 |    12 ||    17

Table legend: (Time is in decaauts)
 A = Elapsed time spent in this place.
 B = Non-inter-level travel time spent in this place.
 C = Inter-level travel time spent in this place.
 D = Time resting spent in this place.
 E = Time spent auto-exploring this place.
 F = Levels seen in this place.
 G = Mean time per level.
                   A        B        C        D        E       F      G
               +--------+--------+--------+--------+--------+-----+--------+
         Total |    485 |    485 |      0 |    369 |     23 |   1 |  485.0 |
       Dungeon |    485 |    485 |      0 |    369 |     23 |   1 |  485.0 |
               +--------+--------+--------+--------+--------+-----+--------+

Top non-repeatable levels by time:
       D: 485 daAuts
